MLB
MINNESOTA TWINS @ KANSAS CITY ROYALS
08/04/2045
 
TOP OF THE 1ST
Minnesota Twins batting - Pitching for Kansas City Royals : RHP Tom Jensen
Pitching: RHP Tom Jensen
Batting: RHB Danny Miramontes 0-0: Ball
1-0: Swinging Strike
1-1: Ball
2-1: Foul Ball, location: 2F
2-2: Ball
3-2: Fly out, F3 (Line Drive, 3, EV 65.0 MPH)
Batting: LHB Joel Kunkler 0-0: Ball
1-0: Foul Ball, location: 2F
1-1: Swinging Strike
1-2: Ball
2-2: Reached via error on a dropped throw from 2B, E3 (Groundball, 4S, EV 82.5 MPH)
Batting: RHB Hildo Pot 0-0: Foul Ball, location: 2F
0-1: SINGLE (Line Drive, 9S, EV 108.1 MPH)
Joel Kunkler to second
Batting: RHB José Molina 0-0: Ball
1-0: Ball
2-0: Grounds into double play, 6-4-3 (Groundball, 6MS, EV 80.6 MPH)
Top of the 1st over - 0 runs, 1 hit, 1 error, 1 left on base; Minnesota 0 - Kansas City 0
BOTTOM OF THE 1ST
Kansas City Royals batting - Pitching for Minnesota Twins : RHP Luis Sanchez
Pitching: RHP Luis Sanchez
Batting: RHB Mike Jaquez 0-0: Called Strike
0-1: Fly out, F9 (Flyball, 9S, EV 88.1 MPH)
Batting: RHB Imbart Faber 0-0: Swinging Strike
0-1: Foul Ball, location: 2F
0-2: Strikes out looking
Batting: SHB Tony Prado 0-0: Called Strike
0-1: Ball
1-1: Foul Ball, location: 2F
1-2: Ball
2-2: Ball
3-2: Foul Ball, location: 2F
3-2: Base on Balls
Batting: LHB Manny Estrada 0-0: Foul Ball, location: 2F
0-1: SINGLE (Groundball, 34D, EV 95.6 MPH)
Tony Prado to second
Runner from 2nd tries for 3rd, SAFE, throw by RF made to third
Batting: LHB Bill Baconneck 0-0: Ball
1-0: Ball
2-0: Ball
3-0: Called Strike
3-1: Called Strike
3-2: DOUBLE (Flyball, 7LD, EV 95.0 MPH)
Tony Prado scores
Manny Estrada to third
Manny Estrada scores
Batting: SHB Gareth Busby 0-0: Called Strike
0-1: Foul Ball, location: 2F
0-2: Fly out, F6 (Popup, P, EV 83.8 MPH)
Bottom of the 1st over - 2 runs, 2 hits, 0 errors, 1 left on base; Minnesota 0 - Kansas City 2
TOP OF THE 2ND
Minnesota Twins batting - Pitching for Kansas City Royals : RHP Tom Jensen
Batting: RHB Väinö Tapaninen 0-0: Ball
1-0: Ground out 6-3 (Groundball, 6, EV 84.4 MPH)
Batting: RHB Yonetoshi Muranaka 0-0: Ball
1-0: Called Strike
1-1: Foul Ball, location: 2F
1-2: Ball
2-2: Ball
3-2: Strikes out swinging
Batting: RHB Mike Quackenbush 0-0: Called Strike
0-1: Foul Ball, location: 2F
0-2: Strikes out swinging
Top of the 2nd over - 0 runs, 0 hits, 0 errors, 0 left on base; Minnesota 0 - Kansas City 2
BOTTOM OF THE 2ND
Kansas City Royals batting - Pitching for Minnesota Twins : RHP Luis Sanchez
Batting: LHB Zion Davidson 0-0: Ball
1-0: Fly out, F4 (Line Drive, 4, EV 71.9 MPH)
Batting: LHB Sam Britt 0-0: Ball
1-0: Called Strike
1-1: Ground out 4-3 (Groundball, 4, EV 97.5 MPH)
Batting: RHB Aaron Matthews 0-0: Called Strike
0-1: SINGLE (Groundball, 6MD, EV 103.8 MPH)
Batting: RHB Mike Jaquez 0-0: Called Strike
Aaron Matthews steals 2nd base
0-1: 2-RUN HOME RUN (Flyball, 7D, EV 101.2 MPH), Distance : 384 ft
Batting: RHB Imbart Faber 0-0: Ball
1-0: Fly out, F8 (Flyball, 8RD, EV 106.2 MPH)
Bottom of the 2nd over - 2 runs, 2 hits, 0 errors, 0 left on base; Minnesota 0 - Kansas City 4
TOP OF THE 3RD
Minnesota Twins batting - Pitching for Kansas City Royals : RHP Tom Jensen
Batting: RHB Tony Rivera 0-0: Called Strike
0-1: Ball
1-1: Ball
2-1: Ground out 6-3 (Groundball, 6S, EV 84.4 MPH)
Batting: LHB Gerardo Flores 0-0: Fly out, F7 (Flyball, 78D, EV 91.2 MPH)
Batting: RHB Danny Miramontes 0-0: Ball
1-0: Called Strike
1-1: Foul Ball, location: 2F
1-2: Ball
2-2: Foul Ball, location: 2F
2-2: Ball
3-2: DOUBLE (Line Drive, 78D, EV 106.2 MPH)
Batting: LHB Joel Kunkler 0-0: Ball
1-0: Ball
2-0: Ball
3-0: Base on Balls
Batting: RHB Hildo Pot 0-0: Called Strike
0-1: Fielders Choice at 2nd, 6-4 (Groundball, 6, EV 104.4 MPH)
Top of the 3rd over - 0 runs, 1 hit, 0 errors, 2 left on base; Minnesota 0 - Kansas City 4
BOTTOM OF THE 3RD
Kansas City Royals batting - Pitching for Minnesota Twins : RHP Luis Sanchez
Batting: SHB Tony Prado 0-0: Called Strike
0-1: Called Strike
0-2: Ball
1-2: Fly out, F8 (Flyball, 8LD, EV 81.2 MPH)
Batting: LHB Manny Estrada 0-0: SINGLE (Groundball, 34, EV 105.6 MPH)
Batting: LHB Bill Baconneck 0-0: Ball
1-0: Grounds into double play, 1-6-3 (Groundball, 13S, EV 68.8 MPH)
Bottom of the 3rd over - 0 runs, 1 hit, 0 errors, 0 left on base; Minnesota 0 - Kansas City 4
TOP OF THE 4TH
Minnesota Twins batting - Pitching for Kansas City Royals : RHP Tom Jensen
Batting: RHB José Molina 0-0: Foul Ball, location: 2F
0-1: Swinging Strike
0-2: Ball
1-2: Hit by Pitch
Batting: RHB Väinö Tapaninen 0-0: Fly out, F9 (Flyball, 9, EV 87.5 MPH)
Batting: RHB Yonetoshi Muranaka 0-0: Ball
1-0: Foul Ball, location: 2F
1-1: Ball
2-1: Fly out, F1 (Popup, 15, EV 73.8 MPH)
Batting: RHB Mike Quackenbush 0-0: Fielders Choice at 2nd, 6-4 (Groundball, 56, EV 103.1 MPH)
Top of the 4th over - 0 runs, 0 hits, 0 errors, 1 left on base; Minnesota 0 - Kansas City 4
BOTTOM OF THE 4TH
Kansas City Royals batting - Pitching for Minnesota Twins : RHP Luis Sanchez
Batting: SHB Gareth Busby 0-0: Ball
1-0: Called Strike
1-1: Foul Ball, location: 2F
1-2: Ball
2-2: Ball
3-2: Base on Balls
Batting: LHB Zion Davidson 0-0: Grounds into double play, 4-6-3 (Groundball, 4, EV 83.8 MPH)
Batting: LHB Sam Britt 0-0: Ball
1-0: Ball
2-0: Foul Ball, location: 2F
2-1: Ball
3-1: SINGLE (Groundball, 34D, EV 98.1 MPH)
Batting: RHB Aaron Matthews 0-0: Ball
1-0: Foul Ball, location: 2F
1-1: Ball
2-1: Fly out, F4 (Popup, 4M, EV 59.4 MPH)
Bottom of the 4th over - 0 runs, 1 hit, 0 errors, 1 left on base; Minnesota 0 - Kansas City 4
TOP OF THE 5TH
Minnesota Twins batting - Pitching for Kansas City Royals : RHP Tom Jensen
Batting: RHB Tony Rivera 0-0: Called Strike
0-1: Called Strike
0-2: Strikes out swinging
Batting: LHB Gerardo Flores 0-0: Fly out, F9 (Flyball, 9D, EV 100.6 MPH)
Batting: RHB Danny Miramontes 0-0: Swinging Strike
0-1: Called Strike
0-2: Ball
1-2: Ball
2-2: Strikes out looking
Top of the 5th over - 0 runs, 0 hits, 0 errors, 0 left on base; Minnesota 0 - Kansas City 4
BOTTOM OF THE 5TH
Kansas City Royals batting - Pitching for Minnesota Twins : RHP Luis Sanchez
Pitching: RHP Tomas Vargas
Batting: RHB Mike Jaquez 0-0: Called Strike
0-1: Foul Ball, location: 2F
0-2: Ball
1-2: Ball
2-2: Ball
3-2: Strikes out swinging, 2-3 out at first.
Batting: RHB Imbart Faber 0-0: Ball
1-0: Ball
2-0: Ground out 6-3 (Groundball, 6, EV 101.9 MPH)
Batting: SHB Tony Prado 0-0: Ground out U3 (Groundball, 3, EV 88.8 MPH)
Bottom of the 5th over - 0 runs, 0 hits, 0 errors, 0 left on base; Minnesota 0 - Kansas City 4
TOP OF THE 6TH
Minnesota Twins batting - Pitching for Kansas City Royals : RHP Tom Jensen
Batting: LHB Joel Kunkler 0-0: Fly out, F7 (Flyball, 78S, EV 97.5 MPH)
Batting: RHB Hildo Pot 0-0: Ball
1-0: Ball
2-0: Foul Ball, location: 2F
2-1: Foul Ball, location: 2F
2-2: Ground out 6-3 (Groundball, 6, EV 87.5 MPH)
Batting: RHB José Molina 0-0: Foul Ball, location: 2F
0-1: Foul Ball, location: 2F
0-2: Ball
1-2: SINGLE (Groundball, 4D, EV 102.5 MPH)
Batting: RHB Väinö Tapaninen 0-0: Ball
1-0: DOUBLE (Line Drive, 5D, EV 105.6 MPH)
José Molina to third
Batting: RHB Yonetoshi Muranaka 0-0: Ball
1-0: Called Strike
1-1: Called Strike
1-2: Strikes out swinging
Top of the 6th over - 0 runs, 2 hits, 0 errors, 2 left on base; Minnesota 0 - Kansas City 4
BOTTOM OF THE 6TH
Kansas City Royals batting - Pitching for Minnesota Twins : RHP Tomas Vargas
Batting: LHB Manny Estrada 0-0: Ball
1-0: Ball
2-0: Called Strike
2-1: Ball
3-1: Called Strike
3-2: Strikes out swinging
Pitching: RHP Harry Pratt
Batting: LHB Bill Baconneck 0-0: Called Strike
0-1: Foul Ball, location: 2F
0-2: Ground out 4-3 (Groundball, 4, EV 88.8 MPH)
Batting: SHB Gareth Busby 0-0: Ball
1-0: SINGLE (Flyball, 4MD, EV 81.2 MPH)
Batting: LHB Zion Davidson 0-0: Ball
1-0: Ball
2-0: Ball
3-0: Foul Ball, location: 2F
3-1: Foul Ball, location: 2F
3-2: Foul Ball, location: 2F
3-2: Ground out 4-3 (Groundball, 4, EV 101.9 MPH)
Bottom of the 6th over - 0 runs, 1 hit, 0 errors, 1 left on base; Minnesota 0 - Kansas City 4
TOP OF THE 7TH
Minnesota Twins batting - Pitching for Kansas City Royals : RHP Tom Jensen
Batting: RHB Mike Quackenbush 0-0: Called Strike
0-1: Ball
1-1: Fly out, F4 (Line Drive, 4, EV 65.0 MPH)
Batting: RHB Tony Rivera 0-0: SINGLE (Groundball, 6M, EV 98.8 MPH) (infield hit)
Batting: LHB Gerardo Flores 0-0: SINGLE (Flyball, 5D, EV 89.4 MPH)
Tony Rivera to second
Batting: RHB Danny Miramontes 0-0: Foul Ball, location: 2F
0-1: Ball
1-1: Ball
2-1: Fly out, F7 (Flyball, 7S, EV 90.0 MPH)
Batting: LHB Joel Kunkler 0-0: Called Strike
0-1: Ball
1-1: Ball
2-1: Fly out, F9 (Flyball, 9LM, EV 101.2 MPH)
Top of the 7th over - 0 runs, 2 hits, 0 errors, 2 left on base; Minnesota 0 - Kansas City 4
BOTTOM OF THE 7TH
Kansas City Royals batting - Pitching for Minnesota Twins : RHP Harry Pratt
Batting: LHB Sam Britt 0-0: Called Strike
0-1: Ball
1-1: Ball
2-1: Foul Ball, location: 2F
2-2: Ball
3-2: Foul Ball, location: 2F
3-2: Foul Ball, location: 2F
3-2: Hit by Pitch
Batting: RHB Aaron Matthews 0-0: Called Strike
0-1: Foul Ball, location: 2F
0-2: DOUBLE (Line Drive, 89D, EV 114.4 MPH)
Sam Britt to third
Batting: RHB Mike Jaquez 0-0: Foul Ball, location: 2F
0-1: Called Strike
0-2: Ball
1-2: Strikes out swinging
Batting: RHB Imbart Faber 0-0: Called Strike
0-1: Ball
1-1: Ball
2-1: Swinging Strike
2-2: Foul Ball, location: 2F
2-2: Foul Ball, location: 2F
2-2: Strikes out swinging
Pitching: RHP Keeley Schenk
Batting: SHB Tony Prado 0-0: Ball
1-0: Ball
2-0: Swinging Strike
2-1: Foul Ball, location: 2F
2-2: Ball
3-2: Base on Balls
Batting: LHB Manny Estrada 0-0: Called Strike
0-1: Ball
1-1: Ball
2-1: Foul Ball, location: 2F
2-2: Fly out, F9 (Line Drive, 9LS, EV 96.9 MPH)
Bottom of the 7th over - 0 runs, 1 hit, 0 errors, 3 left on base; Minnesota 0 - Kansas City 4
TOP OF THE 8TH
Minnesota Twins batting - Pitching for Kansas City Royals : RHP Tom Jensen
Batting: RHB Hildo Pot 0-0: Called Strike
0-1: Ball
1-1: Ball
2-1: Fly out, F9 (Flyball, 9S, EV 81.9 MPH)
Batting: RHB José Molina 0-0: Ball
1-0: Ball
2-0: Ball
3-0: Called Strike
3-1: Foul Ball, location: 2F
3-2: Ground out 5-3 (Groundball, 5S, EV 73.8 MPH)
Batting: RHB Väinö Tapaninen 0-0: Ball
1-0: Foul Ball, location: 2F
1-1: SINGLE (Line Drive, 34D, EV 93.8 MPH)
Pitching: RHP Gan Ts'ong
Batting: RHB Yonetoshi Muranaka 0-0: Ball
1-0: TRIPLE (Flyball, 89XD, EV 105.6 MPH)
Väinö Tapaninen scores
Batting: RHB Mike Quackenbush 0-0: Foul Ball, location: 2F
0-1: Foul Ball, location: 2F
0-2: Ground out 3-1 (Groundball, 34S, EV 87.5 MPH)
Top of the 8th over - 1 run, 2 hits, 0 errors, 1 left on base; Minnesota 1 - Kansas City 4
BOTTOM OF THE 8TH
Kansas City Royals batting - Pitching for Minnesota Twins : RHP Keeley Schenk
Batting: LHB Bill Baconneck 0-0: Ground out 6-3 (Groundball, 4M, EV 85.6 MPH)
Batting: SHB Gareth Busby 0-0: Foul Ball, location: 2F
0-1: Swinging Strike
0-2: Fly out, F8 (Flyball, 8RD, EV 106.2 MPH)
Batting: LHB Zion Davidson 0-0: Ground out 2-3 (Groundball, 2R, EV 66.9 MPH)
Bottom of the 8th over - 0 runs, 0 hits, 0 errors, 0 left on base; Minnesota 1 - Kansas City 4
TOP OF THE 9TH
Minnesota Twins batting - Pitching for Kansas City Royals : RHP Gan Ts'ong
Pitching: RHP Bryan Boykin
Now at 1B: Victor Moya
Batting: RHB Tony Rivera 0-0: Called Strike
0-1: Ball
1-1: Foul Ball, location: 2F
1-2: Strikes out swinging
Batting: LHB Gerardo Flores 0-0: Ball
1-0: Ball
2-0: Swinging Strike
2-1: Called Strike
2-2: Foul Ball, location: 2F
2-2: Ball
3-2: Ground out U3 (Groundball, 34S, EV 89.4 MPH)
Batting: RHB Danny Miramontes 0-0: Ball
1-0: Called Strike
1-1: Foul Ball, location: 2F
1-2: Ball
2-2: Ball
3-2: Fly out, F3 (Popup, 23F, EV 80.0 MPH)
Top of the 9th over - 0 runs, 0 hits, 0 errors, 0 left on base; Minnesota 1 - Kansas City 4
Wednesday, June 22nd , 2022 - OOTP Baseball 23.4 Build 64